 Dungeon Sprint DCSS version 0.27.1 (webtiles) character file.

Game seed: 10714440809717825745

3320 styxcanada the Imperceptible (level 9, -2/73 HPs)
             Began as a Spriggan Brigand on Aug 29, 2021.
             Was an Initiate of Gozag.
             Slain by a ghost moth (5 damage)
             ... called by a spriggan druid
             ... in the Dungeon (Sprint IV: "Fedhas' Mad Dash").
             The game lasted 00:10:26 (1037 turns).

styxcanada the Imperceptible (Spriggan Brigand)     Turns: 1037, Time: 00:10:27

Health: -2/73      AC: 24    Str:  7    XL:     9   Next: 71%
Magic:  1/10       EV:  4    Int: 12    God:    Gozag
Gold:   841        SH:  0    Dex: 20    Spells: 8/8 levels left

rFire    + . .     SeeInvis +   a - +3 dagger
rCold    + . .     Faith    .   (shield restricted)
rNeg     + + +     Spirit   .   (armour currently unavailable)
rPois    +         Reflect  .   (helmet currently unavailable)
rElec    +         Harm     .   (cloak currently unavailable)
rCorr    +         Rampage  .   (gloves unavailable)
Will     +....     NoTele   +   (boots unavailable)
Stlth    +++++++++.             l - amulet of invisibility {+Inv}
HPRegen  0.22/turn              (no ring)
MPRegen  0.12/turn              (no ring)

@: mighty, brilliant, tree-form, resistant, on berserk cooldown, very slightly
contaminated, invisible
A: stationary, stasis, torment immunity, boosted hp, very small, no large
weapons, unfitting armour, see invisible, (speed 3)
a: End Transformation, Renounce Religion, Evoke Invisibility, Potion Petition,
Call Merchant, Bribe Branch


You were in the Dungeon.
You worshipped Gozag.
Gozag was pleased with you.
You were a tree.
You visited 1 branch You collected 1549 gold pieces.
You spent 158 gold pieces at shops.
You paid 550 gold pieces to Gozag.

Inventory:

Hand Weapons
 a - a +3 dagger (weapon)
Missiles
 n - 23 stones (quivered)
 o - 7 atropa-tipped darts
Armour
 b - a +0 robe
 c - a +2 cloak (melded)
 m - the +1 troll leather armour "Inaaplaz" (melded) {Regen+ Str+5}
   (You found it in the Dungeon)

   Str:       It affects your strength (+5).
   Regen:     It increases your rate of health regeneration.
Jewellery
 l - the amulet of invisibility (around neck) {+Inv}
   (You found it in the Dungeon)

   [amulet of nothing]

   +Inv:      It lets you turn invisible.
Scrolls
 k - a scroll of blinking
 p - 2 scrolls of amnesia
Potions
 f - a potion of curing
 h - a potion of haste
 i - 2 potions of magic
 s - a potion of brilliance


   Skills:
 * Level 6.5 Fighting
 + Level 5.3 Short Blades
 + Level 6.0 Throwing
 * Level 10.6 Dodging
 * Level 23.8 Stealth
 + Level 7.7 Evocations


You had 8 spell levels left.
You didn't know any spells.
Your spell library was empty.

Dungeon Overview and Level Annotations

Branches:
Dungeon (1/1)

Altars:
Cheibriados
Dithmenos
Elyvilon
Gozag
Hepliaklqana
Kikubaaqudgha
Makhleb
Nemelex Xobeh
Okawaru
Qazlal
Ru
Sif Muna
Trog
Uskayaw
Vehumet
Wu Jian
Xom
Yredelemnul
Zin
The Shining One
Beogh
Jiyva
Lugonu

Shops:
D !(*[


Innate Abilities, Weirdness & Mutations

You are a tree.
Your roots penetrate the ground, keeping you stationary.
You cannot be teleported.
You are immune to unholy pain and torment.
Your maximum health is greatly increased.
Your equipment is partially melded.
You are very small and have problems with some larger weapons.
You are too small for most types of armour.
You have supernaturally acute eyesight. (SInv)
((You cover ground extremely quickly. (Speed+++)))


Message History

The ghost moth stares at you. The ghost moth stares at you.
You feel yourself speed up.
There is an open door here.
You hit the ghost moth.
The ghost moth is lightly wounded.
The ghost moth hits you but does no damage. x2
The ghost moth closely misses you.
You hit the ghost moth.
The ghost moth is lightly wounded.
The ghost moth stares at you.
The ghost moth hits you but does no damage.
The ghost moth hits you!
* * * LOW HITPOINT WARNING * * *
The ghost moth stings you but does no damage. [a] - 240 gold - invisibility and might [b] - 672 gold - haste, resistance and might [c] - 550 gold - lignification, might, resistance and invisibility Purchase which effect?
You turn into a tree.
Your +2 cloak melds into your body.
The +1 troll leather armour "Inaaplaz" {Regen+ Str+5} melds into your body.
Your roots penetrate the ground.
You feel very mighty all of a sudden.
You feel protected.
You fade into invisibility!
The ghost moth barely misses you. The ghost moth hits you.
* * * LOW HITPOINT WARNING * * *
The ghost moth stings you but does no damage.
You are very lightly contaminated with residual magic.
You puncture the ghost moth!
The ghost moth is lightly wounded.
The ghost moth hits you but does no damage.
The ghost moth hits you.
* * * LOW HITPOINT WARNING * * *
The ghost moth completely misses you.
You completely miss the ghost moth.
The ghost moth is lightly wounded.
The ghost moth hits you but does no damage.
The ghost moth hits you.
You die...
Your body crumbles into a pile of gold.

###################
.⌠.#..'...#....##∩#
_..'..#)..#....y♣)#
...#..###(##...##∩#$$
_..#..##∩∩.'...####
.⌠.############# ####
$ $


You could see a ghost moth (wandering, invisible).

Vanquished Creatures
  A spriggan druid (D)
  2 oklob plants (D)
  3 wandering mushrooms (D)
  A queen bee (D)
  3 burning bushes (D)
  3 scorpions (D)
  4 killer bees (D)
  5 oklob saplings (D)
  2 spriggans (D)
  A river rat (D)
  A rat (D)
26 creatures vanquished.

Vanquished Creatures (others)
  A fungus (D)
1 creature vanquished.

Grand Total: 27 creatures vanquished

Notes
Turn   | Place    | Note
-------+----------+-------------------------------------------
     0 | D        | styxcanada the Spriggan Brigand began the quest for the
                  | Orb.
     0 | D        | Reached XP level 1. HP: 10/10 MP: 2/2
     9 | D        | Reached skill level 8 in Stealth
     9 | D        | Reached XP level 2. HP: 15/15 MP: 3/3
    12 | D        | Noticed an oklob sapling
    14 | D        | Killed an oklob sapling
    15 | D        | Reached skill level 10 in Stealth
    15 | D        | Reached XP level 3. HP: 18/18 MP: 4/4
    16 | D        | Noticed a scorpion
    16 | D        | Found the amulet of invisibility {+Inv}
    18 | D        | Killed a scorpion
    19 | D        | Reached skill level 12 in Stealth
    19 | D        | Reached XP level 4. HP: 23/23 MP: 5/5
    41 | D        | Found an opulent altar of Gozag.
    41 | D        | Found a hazy altar of Hepliaklqana.
    41 | D        | Found a burning altar of Makhleb.
    41 | D        | Found a sparkling altar of Nemelex Xobeh.
    41 | D        | Found a snail-covered altar of Cheibriados.
    41 | D        | Found a sacrificial altar of Ru.
    41 | D        | Found a shimmering blue altar of Sif Muna.
    41 | D        | Found a shimmering altar of Xom.
    41 | D        | Found a basalt altar of Yredelemnul.
    42 | D        | Found a viscous altar of Jiyva.
    42 | D        | Found a bloodstained altar of Trog.
    42 | D        | Found an ornate altar of the Wu Jian Council.
    43 | D        | Found an iron altar of Okawaru.
    43 | D        | Found a shadowy altar of Dithmenos.
    43 | D        | Found a glowing silver altar of Zin.
    44 | D        | Found an ancient bone altar of Kikubaaqudgha.
    44 | D        | Found a hide-covered altar of Uskayaw.
    45 | D        | Found a stormy altar of Qazlal.
    45 | D        | Found a white marble altar of Elyvilon.
    45 | D        | Found a glowing golden altar of the Shining One.
    46 | D        | Became a worshipper of Gozag Ym Sagoz the Greedy
    47 | D        | Found a corrupted altar of Lugonu.
    47 | D        | Found a radiant altar of Vehumet.
    51 | D        | Reached skill level 13 in Stealth
    51 | D        | Reached XP level 5. HP: 28/28 MP: 3/6
    91 | D        | Reached skill level 14 in Stealth
    91 | D        | Reached skill level 1 in Evocations
   139 | D        | Reached skill level 5 in Dodging
   405 | D        | Reached skill level 15 in Stealth
   567 | D        | Reached XP level 6. HP: 33/33 MP: 7/7
   584 | D        | Found Eruquits's Weapon Shop.
   587 | D        | Found Mici Gaumami's Distillery.
   589 | D        | Noticed a wandering mushroom
   601 | D        | Found Wereel's Assorted Antiques.
   601 | D        | Noticed a burning bush
   602 | D        | Noticed a wandering mushroom
   605 | D        | Killed a burning bush
   606 | D        | Reached skill level 17 in Stealth
   606 | D        | Killed a wandering mushroom
   607 | D        | Reached skill level 18 in Stealth
   607 | D        | Reached XP level 7. HP: 38/38 MP: 5/8
   607 | D        | Killed a wandering mushroom
   608 | D        | Reached skill level 19 in Stealth
   608 | D        | Found Heseorum's Armour Emporium.
   639 | D        | Bought a scroll labelled NUPSYX VEZUI for 23 gold pieces
   639 | D        | Bought 2 scrolls labelled ULALUA CIECUAH for 46 gold pieces
   639 | D        | Bought a scroll labelled ZOELUGR LEMU for 23 gold pieces
   639 | D        | Bought an emerald potion for 20 gold pieces
   639 | D        | Bought a scroll labelled NUPSYX VEZUI for 23 gold pieces
   639 | D        | Bought a scroll labelled TASHRA XORE PUE for 23 gold pieces
   700 | D        | Reached skill level 5 in Fighting
   700 | D        | Reached XP level 8. HP: 43/43 MP: 6/9
   706 | D        | Noticed a queen bee
   713 | D        | Killed a queen bee
   714 | D        | Reached skill level 5 in Throwing
   714 | D        | Reached skill level 20 in Stealth
   718 | D        | Reached skill level 5 in Evocations
   773 | D        | Noticed an oklob plant
   776 | D        | Killed an oklob plant
   777 | D        | Reached skill level 21 in Stealth
   789 | D        | Noticed a burning bush
   792 | D        | Killed a burning bush
   793 | D        | Reached skill level 22 in Stealth
   793 | D        | Reached XP level 9. HP: 48/48 MP: 8/10
   847 | D        | Noticed a burning bush
   847 | D        | Noticed an oklob plant
   848 | D        | Noticed a wandering mushroom
   849 | D        | Killed a burning bush
   850 | D        | Reached skill level 5 in Short Blades
   854 | D        | Killed an oklob plant
   855 | D        | Reached skill level 10 in Dodging
   858 | D        | Killed a wandering mushroom
   859 | D        | Reached skill level 23 in Stealth
   864 | D        | Identified the +1 troll leather armour "Inaaplaz" {Regen+
                  | Str+5}
   929 | D        | Noticed a spriggan druid
   972 | D        | Noticed a ghost moth
   996 | D        | Killed a spriggan druid
  1036 | D        | HP: 2/73 [ghost moth[a spriggan druid] (5)]
  1037 | D        | Slain by a ghost moth

Illustrated notes

Levels and vault maps discovered:
D:        dungeon_sprint_fedhas [sprint_temple]

Skill      XL: |  1  2  3  4  5  6  7  8  9 |
---------------+----------------------------+-----
Dodging        | 2 3 4 5 7 8 9 10 | 10.6
Stealth        | 8 10 12 13 15 18 19 22 23 | 23.8
Fighting       | 2 3 4 5 6 |  6.5
Short Blades   | 3 4 5 |  5.3
Evocations     | 1 3 4 6 7 |  7.7
Throwing       | 3 4 5 6 |  6.0

Action                   |  1- 3 |  4- 6 |  7- 9 || total
-------------------------+-------+-------+-------++-------
Melee: Dagger            |     4 |    13 |    34 ||    51
Throw: Dart              |       |    14 |    10 ||    24
       Stone             |       |       |     1 ||     1
Invok: Potion Petition   |       |       |     1 ||     1
 Abil: Evoke Invisibilit |       |     3 |     4 ||     7
  Use: Scroll            |       |       |     6 ||     6
       Potion            |       |       |     3 ||     3
 Stab: Sleeping          |     4 |     4 |    11 ||    19
       Invisible         |       |       |     3 ||     3
Armor: Robe              |       |     1 |       ||     1
       Troll leather arm |       |       |     6 ||     6
       Skin              |       |       |     3 ||     3
Dodge: Dodged            |       |     4 |    38 ||    42
